 Dungeon Crawl Stone Soup version 0.26-a0-846-gcc8f1ee719 (webtiles) character file.

Game seed: 2789613605851144400

249 mhtbhm the Chopper (level 5, -1/70 HPs)
             Began as a Draconian Berserker on Nov 19, 2020.
             Was a Believer of Trog.
             Succumbed to a scorpion's poison
             ... on level 4 of the Dungeon.
             The game lasted 00:02:04 (2561 turns).

mhtbhm the Chopper (Draconian Berserker)            Turns: 2561, Time: 00:02:05

Health: -1/70      AC:  6    Str: 20    XL:     5   Next: 87%
Magic:  5/5        EV: 13    Int:  8    God:    Trog [**....]
Gold:   67         SH:  0    Dex: 10    Spells: 4/4 levels left

rFire    . . .     SeeInvis .   a - +0 hand axe
rCold    . . .     Faith    .   (no shield)
rNeg     . . .     Spirit   .   (armour unavailable)
rPois    .         Reflect  .   (helmet restricted)
rElec    .         Harm     .   (no cloak)
rCorr    .         Rampage  .   b - +0 pair of gloves
MR       .....                  (no boots)
Stlth    ..........             (no amulet)
HPRegen  0.21/turn              (no ring)
MPRegen  0.09/turn              (no ring)

@: berserking (expiring), lethally poisoned (-1 -> -27), very quick
A: unfitting armour, cold-blooded, AC +5
a: Berserk, Trog's Hand, Renounce Religion


You were on level 4 of the Dungeon.
You worshipped Trog.
Trog was pleased with you.
You visited 1 branch of the dungeon, and saw 4 of its levels.

You collected 67 gold pieces.

Inventory:

Hand Weapons
 a - a +0 hand axe (weapon)
Armour
 b - a +0 pair of gloves (worn)
Potions
 e - a potion of mutation {unknown}
 f - a potion of curing {unknown}


   Skills:
 + Level 4.3 Fighting
 + Level 5.1 Axes
 + Level 3.8 Dodging
 + Level 0.9 Stealth


You had 4 spell levels left.
You didn't know any spells.
Your spell library contained the following spells:

 Spells                   Type           Power        Failure   Level
 Corona                   Hex            #......      41%         1
 Ensorcelled Hibernation  Hex/Ice        #.....       54%         2
 Confusing Touch          Hex            #.......     78%         3
 Dazzling Flash           Conj/Hex       #.....       78%         3
 Tukima's Dance           Hex            #.......     78%         3


Dungeon Overview and Level Annotations

Branches:
Dungeon (3/15)

Altars:
Gozag
Vehumet
Wu Jian


Innate Abilities, Weirdness & Mutations

Your plain brown scales are hard. (AC +5)
You cannot fit into any form of body armour.
You are cold-blooded and may be slowed by cold attacks.


Message History

You feel sick. The scorpion stings you!
* * * LOW HITPOINT WARNING * * *
You closely miss the scorpion.
The scorpion is almost dead.
* * * LOW HITPOINT WARNING * * *
You feel sick. The scorpion misses you.
You slash the scorpion!
You kill the scorpion!
Trog accepts your kill.
* * * LOW HITPOINT WARNING * * *
You feel sick.
Your Axes skill increases to level 5!
* * * LOW HITPOINT WARNING * * *
You feel sick.
You see here a scorpion corpse.
Unknown command.
You feel a strong urge to attack something.
* * * LOW HITPOINT WARNING * * *
You feel sick.
You die...

########
#......#
#......#
#......## #+##
#.......# ....
#......# .....
#...@.†##.....
#.............
#.............
#...........?.
#...##.####...
#...##.#### ..
#.........# .
#.........#
#.........#


There were no monsters in sight!

Vanquished Creatures
  An ice beast (D:2)
  A scorpion (D:4)
  A worker ant (D:2)
  4 adders
  A worm (D:2)
  2 dart slugs
  3 leopard geckos
  A giant cockroach (D:1)
  7 hobgoblins
  2 jackals (D:2)
  9 kobolds
  A ball python (D:2)
  5 bats
  A frilled lizard (D:2)
  4 goblins
  4 rats
47 creatures vanquished.

Notes
Turn   | Place    | Note
-------+----------+-------------------------------------------
     0 | D:1      | mhtbhm the Draconian Berserker began the quest for the Orb.
     0 | D:1      | Reached XP level 1. HP: 19/19 MP: 1/1
   279 | D:1      | Reached XP level 2. HP: 25/26 MP: 2/2
   776 | D:2      | Reached XP level 3. HP: 22/31 MP: 3/3
   778 | D:2      | Reached ** piety under Trog
  1108 | D:2      | Reached skill level 4 in Axes
  1108 | D:2      | Reached XP level 4. HP: 29/40 MP: 4/4
  1310 | D:2      | Found an ornate altar of the Wu Jian Council.
  1450 | D:2      | Found an opulent altar of Gozag.
  1738 | D:2      | Noticed an ice beast
  1748 | D:2      | HP: 2/60 [ice beast (12)]
  1750 | D:2      | Killed an ice beast
  1751 | D:2      | Reached XP level 5. HP: 3/46 MP: 5/5
  2197 | D:2      | Found a radiant altar of Vehumet.
  2528 | D:3      | You fall into a shaft and drop 1 floor!
  2551 | D:4      | HP: 1/46 [scorpion (9)]
  2559 | D:4      | Reached skill level 5 in Axes
  2559 | D:4      | HP: 3/70 [poisoned by a scorpion]
  2560 | D:4      | HP: 1/70 [poisoned by a scorpion]
  2561 | D:4      | Succumbed to a scorpion's poison

Illustrated notes

Levels and vault maps discovered:
D:1:      minmay_arrival_loop, layout_loops_ring
D:2:      layout_loops_ring, grunt_gozag_breadcrumbs,
          lemuel_coloured_pillars_altar, marbit_many_paths
D:3:      layout_basic, corexii_corridor_pit, uniq_crazy_yiuf_cottage,
          uniq_jessica
D:4:      layout_gridville, lemuel_doored_altar, trog_eyes_of_draining,
          nicolae_dithmenos_through_a_glass_darkly,
          fedhas_bush_and_centaur_altar, gup_sewer_entry_pipe

Skill      XL: |  1  2  3  4  5 |
---------------+----------------+-----
Dodging        | 3 |  3.8
Axes           | 4 5 |  5.1
Fighting       | 4 |  4.3
Stealth        | |  0.9

Action                   |  1- 3 |  4- 6 || total
-------------------------+-------+-------++-------
Melee: Hand axe          |   106 |    74 ||   180
       Tailslap          |    10 |     8 ||    18
Invok: Berserk           |     1 |     2 ||     3
  Use: Scroll            |       |     3 ||     3
       Potion            |       |     1 ||     1
Armor: Skin              |    35 |    15 ||    50
Dodge: Dodged            |    82 |    54 ||   136

Table legend: (Time is in decaauts)
 A = Elapsed time spent in this place.
 B = Non-inter-level travel time spent in this place.
 C = Inter-level travel time spent in this place.
 D = Time resting spent in this place.
 E = Time spent auto-exploring this place.
 F = Levels seen in this place.
 G = Mean time per level.
                   A        B        C        D        E       F      G
               +--------+--------+--------+--------+--------+-----+--------+
         Total |   2600 |   2549 |     51 |    697 |   1396 |   4 |  650.0 |
       Dungeon |   2600 |   2549 |     51 |    697 |   1396 |   4 |  650.0 |
               +--------+--------+--------+--------+--------+-----+--------+

Top non-repeatable levels by time:
     D:2: 1614 daAuts
     D:1: 734 daAuts
     D:3: 220 daAuts
     D:4: 31 daAuts
